 Dungeon Crawl Stone Soup version 0.18.1-48-g4cf74bf (webtiles) character file.

1227 sveltemanboy the Skirmisher (level 8, 0/83 HPs)
             Began as an Ogre Hunter on July 13, 2016.
             Was a Believer of Sif Muna.
             Slain by a river rat (3 damage)
             ... on level 6 of the Dungeon on July 14, 2016.
             The game lasted 00:19:14 (7211 turns).

sveltemanboy the Skirmisher (Ogre Hunter)           Turns: 7211, Time: 00:19:15

Health: 0/83       AC:  5    Str: 20    XL:     8   Next: 48%
Magic:  15/15      EV:  9    Int: 10    God:    Sif Muna [**....]
Gold:   292        SH:  0    Dex: 10    Spells: 3 memorised, 12 levels left

rFire  . . .     SeeInvis .     a - +1 whip (pain)
rCold  . . .     Gourm    .     o - +0 robe (curse)
rNeg   . . .     Faith    .     (no shield)
rPois  .         Spirit   .     (helmet restricted)
rElec  .         Dismiss  .     q - +1 cloak {MR+}
rCorr  .         Reflect  .     (gloves unavailable)
SustAt .         Harm     .     (boots unavailable)
MR     +++..     Clarity  +     (no amulet)
Stlth  +.........               (no ring)
                                t - ring of wizardry

@: heavily drained, extremely resistant to hostile enchantments, very unstealthy
A: unfitting armour, beak, clarity, magic resistance 2, tough skin 1, sturdy
frame 1
a: Channel Energy, Renounce Religion


You were on level 6 of the Dungeon.
You worshipped Sif Muna.
Sif Muna was pleased with you.
You were not hungry.

You visited 1 branch of the dungeon, and saw 6 of its levels.

You collected 292 gold pieces.

Inventory:

Hand Weapons
 a - a +1 whip of pain (weapon)
Missiles
 c - 7 large rocks (quivered)
 i - 223 stones
 k - 2 throwing nets
 s - 8 tomahawks
Armour
 o - a cursed +0 robe (worn)
 q - a +1 cloak of magic resistance (worn)
Jewellery
 t - a ring of wizardry (left hand)
Wands
 e - a wand of iceblast (7/15)
 w - a wand of lightning (9/15)
 x - a wand of digging (1/24)
 C - a wand of flame (15/48)
 F - a wand of paralysis (9/24)
Scrolls
 b - 2 scrolls of blinking {unknown}
 d - a scroll of enchant armour {unknown}
 h - a scroll of immolation {unknown}
 l - 5 scrolls of remove curse {unknown}
 m - 2 scrolls of enchant weapon {unknown}
 p - 6 scrolls of identify {unknown}
 v - 2 scrolls of teleportation {unknown}
 y - a scroll of fear {unknown}
 z - a scroll of noise {unknown}
 A - a scroll of random uselessness {unknown}
 D - a scroll of magic mapping {unknown}
Potions
 u - 3 potions of flight
 B - a potion of degeneration {unknown}
 E - 2 potions of curing
Books
 j - a book of Cantrips

   Spells                             Type                      Level
   a - Corona                         Hexes                        1
   b - Animate Skeleton               Necromancy                   1
   c - Summon Small Mammal            Summoning                    1
   d - Apportation                    Translocation                1
 r - a book of Spatial Translocations

   Spells                             Type                      Level
   a - Apportation                    Translocation                1
   b - Blink                          Translocation                2
   c - Shroud of Golubria             Charms/Translocation         2
   d - Portal Projectile              Translocation                3
   e - Teleport Other                 Translocation                3
   f - Passage of Golubria            Translocation                4
Comestibles
 f - 3 bread rations
 g - 3 chunks of flesh
 n - 3 meat rations


   Skills:
 + Level 5.9(3.9) Fighting
 - Level 5.2(3.3) Maces & Flails
 - Level 4.0(2.1) Throwing
 - Level 1.5(0.0) Armour
 - Level 2.0(0.2) Dodging
 - Level 0.7(0.0) Stealth
 + Level 4.7(2.8) Spellcasting
 * Level 2.3(0.6) Necromancy
 - Level 2.0(0.3) Translocations
 + Level 4.0(2.1) Invocations


You had 12 spell levels left.
You knew the following spells:

 Your Spells              Type           Power        Failure   Level  Hunger
a - Blink                 Tloc           N/A          16%         2    ###....
b - Animate Skeleton      Necr           N/A          10%         1    ##.....
c - Summon Small Mammal   Summ           #...         12%         1    ##.....


Dungeon Overview and Level Annotations

Branches:
Dungeon (6/15)             Temple (0/1) D:4

Altars:
Cheibriados
Elyvilon
Pakellas
Ru
Sif Muna


Innate Abilities, Weirdness & Mutations

You are too large for most types of armour.
You have tough skin (AC +1).
You have a beak for a mouth.
You possess an exceptional clarity of mind.
You are highly resistant to hostile enchantments.
Your movements are slightly less encumbered by armour (ER -2).


Message History

Something bites the river rat but does no damage.
You closely miss the river rat.
The river rat is moderately wounded.
The rat bites you but does no damage.
Something bites the rat but does no damage.
You hit the rat.
The rat writhes in agony.
The rat is moderately wounded.
The rat bites you but does no damage. The rat bites you.
* * * LOW HITPOINT WARNING * * *
You hit the rat. You peck the rat.
You kill the rat!
The river rat bites you.
* * * LOW HITPOINT WARNING * * *
The rat bites you.
* * * LOW HITPOINT WARNING * * *
The rat bites your rat skeleton.
A rat comes into view.
Unknown command.
You swap places.
The rat moves out of view.
The river rat bites you.
You die...

.... .r
... . ...
# #. r.
#.#### .
#r
..#.##.
r#
#.#..##r#
#...#r#
#.rr@##
#.#Z#.#
#. #.#.#
#. ##.##.
# #.## #.
#.## ##
##.# #.##
##.#


You could see 2 river rats, 5 rats and a friendly rat skeleton.

Vanquished Creatures
  A sky beast (D:3)
  An ice beast (D:6)
  A phantom (D:5)
  A giant frog (D:4)
  A howler monkey (D:5)
  A centaur zombie (D:3)
  An orc priest (D:4)
  Crazy Yiuf (D:2)
  A hound (D:4)
  2 iguanas (D:5)
  4 orc wizards
  Terence (D:2)
  Natasha (twice) (D:2 D:4)
  A hell rat (D:6)
  4 worker ants
  3 gnolls (D:2)
  9 adders
  2 oozes (D:2)
  An adder skeleton (D:4)
  3 worms
  2 dart slugs (D:2)
  3 giant geckos
  22 orcs
  5 giant cockroaches
  8 goblins
  13 hobgoblins
  2 jackals (D:2)
  4 kobolds
  5 ball pythons
  9 bats
  3 giant newts
  A jackal zombie (D:6)
  A quokka skeleton (D:4)
  15 rats
134 creatures vanquished.

Vanquished Creatures (collateral kills)
  A phantom (D:5)
  A scorpion (D:4)
2 creatures vanquished.

Vanquished Creatures (others)
  2 fungi (D:2)
2 creatures vanquished.

Grand Total: 138 creatures vanquished

Notes
Turn   | Place    | Note
--------------------------------------------------------------
     0 | D:1      | sveltemanboy the Ogre Hunter began the quest for the Orb.
     0 | D:1      | Reached XP level 1. HP: 22/22 MP: 1/1
   391 | D:1      | Reached XP level 2. HP: 14/29 MP: 2/2
   830 | D:1      | Reached skill level 1 in Maces & Flails
  1420 | D:1      | Reached XP level 3. HP: 35/37 MP: 3/3
  1657 | D:2      | Reached skill level 1 in Armour
  1732 | D:2      | Reached XP level 4. HP: 33/45 MP: 4/4
  2121 | D:2      | Noticed Natasha
  2124 | D:2      | Killed Natasha
  2155 | D:2      | Reached XP level 5. HP: 42/54 MP: 5/5
  2164 | D:2      | Noticed Crazy Yiuf
  2165 | D:2      | Killed Crazy Yiuf
  2231 | D:2      | Learned a level 2 spell: Blink
  2469 | D:2      | Noticed Terence
  2478 | D:2      | Killed Terence
  2719 | D:2      | Reached skill level 1 in Spellcasting
  2983 | D:3      | Gained mutation: You have a beak for a mouth. [potion of mutation]
  2983 | D:3      | Gained mutation: Your movements are slightly less encumbered by armour (ER -2). [potion of mutation]
  2983 | D:3      | Gained mutation: Your mind is acute. (Int +2) [potion of mutation]
  2986 | D:3      | Lost mutation: Your mind is acute. (Int +2) [potion of mutation]
  2986 | D:3      | Gained mutation: You possess an exceptional clarity of mind. [potion of mutation]
  2986 | D:3      | Gained mutation: You are resistant to hostile enchantments. [potion of mutation]
  3280 | D:3      | Reached skill level 5 in Maces & Flails
  3280 | D:3      | Reached XP level 6. HP: 41/63 MP: 7/7
  3750 | D:3      | Found a faded altar to an unknown god.
  3790 | D:3      | Found a snail-covered altar of Cheibriados.
  3847 | D:3      | Became a worshipper of Sif Muna the Loreminder
  3847 | D:3      | Reached * piety under Sif Muna
  3859 | D:3      | Noticed a sky beast
  3868 | D:3      | Killed a sky beast
  3868 | D:3      | Reached skill level 1 in Translocations
  3868 | D:3      | Reached skill level 1 in Invocations
  3875 | D:3      | Gained mutation: You are highly resistant to hostile enchantments. [mutagenic meat]
  4102 | D:3      | Found an oddly glowing altar of Pakellas.
  4290 | D:4      | Found a sacrificial altar of Ru.
  4301 | D:3      | Reached XP level 7. HP: 64/71 MP: 9/11
  4516 | D:4      | Noticed Natasha
  4517 | D:4      | Killed Natasha
  4863 | D:4      | Found a staircase to the Ecumenical Temple.
  5125 | D:4      | Learned a level 1 spell: Animate Skeleton
  5217 | D:4      | Reached skill level 5 in Fighting
  5462 | D:4      | Learned a level 1 spell: Summon Small Mammal
  5853 | D:5      | Entered Level 5 of the Dungeon
  5929 | D:5      | Reached skill level 1 in Necromancy
  6136 | D:5      | Reached ** piety under Sif Muna
  6136 | D:5      | Reached XP level 8. HP: 80/80 MP: 14/14
  7094 | D:6      | Found a white marble altar of Elyvilon.
  7210 | D:6      | HP: 3/83 [river rat (4)]
  7211 | D:6      | Slain by a river rat

Skill      XL: |  1  2  3  4  5  6  7  8 |
---------------+-------------------------+-----
Dodging        | 2 |  2.0
Maces & Flails | 2 4 5 |  5.2
Fighting       | 3 4 5 |  5.9
Armour         | 1 |  1.5
Spellcasting   | 1 2 4 |  4.7
Translocations | 1 2 |  2.0
Invocations    | 1 3 4 |  4.0
Necromancy     | 1 2 |  2.3
Throwing       | |  4.0
Stealth        | |  0.7

Action                   |  1- 3 |  4- 6 |  7- 9 || total
-------------------------+-------+-------+-------++-------
Melee: Club              |    58 |       |       ||    58
       Short sword       |     2 |       |       ||     2
       Whip              |    57 |   184 |   203 ||   444
       Peck              |       |    12 |    38 ||    50
Throw: Throwing net      |     5 |     2 |       ||     7
       Stone             |    32 |    73 |       ||   105
       Large rock        |     7 |    12 |    10 ||    29
       Tomahawk          |       |    13 |    34 ||    47
 Cast: Animate Skeleton  |       |       |     8 ||     8
  Use: Potion            |       |     4 |       ||     4
 Stab: Held in net/web   |     1 |     2 |       ||     3
       Sleeping          |       |     2 |       ||     2
       Distracted        |       |       |     1 ||     1
  Eat: Chunk             |     3 |     9 |     7 ||    19
       Royal jelly       |       |       |     1 ||     1
Armor: Robe              |    39 |    31 |    53 ||   123
Dodge: Dodged            |    62 |    71 |    79 ||   212
